 Dungeon Crawl Stone Soup version 0.18-a0-24-g6e14259 (webtiles) character file.

130 tp1 the Magician (level 4, 0/24 HPs)
             Began as a Deep Elf Wizard on Nov 3, 2015.
             Was an Initiate of Vehumet.
             Killed by nerve-wracking pain
             ... invoked by an orc priest
              (13 damage)
             ... on level 3 of the Dungeon.
             The game lasted 00:18:15 (3803 turns).

tp1 the Magician (Deep Elf Wizard)                  Turns: 3803, Time: 00:18:15

Health: 0/24       AC:  2    Str:  4    XL:     4   Next: 90%
Magic:  9/14       EV: 12    Int: 24    God:    Vehumet [......]
Gold:   167        SH:  0    Dex: 13    Spells: 6 memorised, 2 levels left

rFire  + . .     SeeInvis .     l - +0 quarterstaff
rCold  x . .     Clarity  .     a - +0 robe
rNeg   . . .     SustAt   .     (shield currently unavailable)
rPois  .         Gourm    .     b - +0 hat
rElec  .         Spirit   .     (no cloak)
rCorr  .         Warding  .     (no gloves)
rMut   .         Stasis   .     (no boots)
MR     .....                    (no amulet)
Stlth  ++........               (no ring)
                                n - ring of fire

@: not resistant to hostile enchantments, unstealthy
A: no striking features
a: Renounce Religion


You were on level 3 of the Dungeon.
You worshipped Vehumet.
Vehumet was noncommittal.
You were hungry.

You visited 1 branch of the dungeon, and saw 3 of its levels.

You collected 167 gold pieces.

Inventory:

Hand Weapons
 k - a +0 short sword
 l - a +0 quarterstaff (weapon)
Armour
 a - a +0 robe (worn)
 b - a +0 hat (worn)
Jewellery
 n - a ring of fire (left hand)
Scrolls
 e - 4 scrolls of teleportation {unknown}
 m - a scroll of noise {unknown}
 o - 2 scrolls of recharging {unknown}
 p - a scroll of fog {unknown}
 q - 3 scrolls of remove curse {unknown}
 r - a scroll of identify {unknown}
Potions
 f - a potion of flight
 g - a potion of haste
 j - 3 potions of curing {unknown}
Books
 c - a book of Minor Magic

   Spells                             Type                      Level
   a - Magic Dart                     Conjuration                  1
   b - Blink                          Translocation                2
   c - Call Imp                       Summoning                    2
   d - Repel Missiles                 Charms/Air                   2
   e - Slow                           Hexes                        2
   f - Conjure Flame                  Conjuration/Fire             3
   g - Mephitic Cloud                 Conjuration/Poison/Air       3
Comestibles
 d - 2 bread rations
 h - a beef jerky
 i - 4 fruits


   Skills:
 - Level 2.4 Dodging
 - Level 2.4 Stealth
 + Level 6.0 Spellcasting
 - Level 4.0 Conjurations
 - Level 1.1 Summonings
 - Level 1.1 Translocations


You had 2 spell levels left.
You knew the following spells:

 Your Spells              Type           Power        Failure   Level  Hunger
a - Magic Dart            Conj           ####         1%          1    None
b - Conjure Flame         Conj/Fire      ####....     12%         3    #......
c - Mephitic Cloud        Conj/Pois/Air  ##......     17%         3    #......
d - Blink                 Tloc           N/A          10%         2    None
e - Call Imp              Summ           ##......     10%         2    None
f - Repel Missiles        Chrm/Air       #.....       12%         2    None


Dungeon Overview and Level Annotations

Branches:
Dungeon (3/15)

Altars:
Fedhas
Vehumet


Message History

The orc priest is lightly wounded.
Casting: Magic Dart
Confirm with . or Enter, or press ? or * to list all spells.
Aiming: Magic Dart
Press: ? - help, Shift-Dir - straight line, f/p - orc priest
Aim: an orc priest, wielding a dagger and wearing a ring mail (lightly wounded)
The magic dart hits the orc priest.
The orc priest is lightly wounded.
The orc priest hits you but does no damage.
Casting: Magic Dart
Confirm with . or Enter, or press ? or * to list all spells.
Aiming: Magic Dart
Press: ? - help, Shift-Dir - straight line, f/p - orc priest
Aim: an orc priest, wielding a dagger and wearing a ring mail (lightly wounded)
The magic dart hits the orc priest.
The orc priest is lightly wounded.
The orc priest calls down the wrath of Beogh upon you.
Pain shoots through your body!
Ouch! That really hurt!
You die...

.....######....###....#
......##......## #....#
.###..##.####.## #....#
## #..# .# #..# #....#
# #..##.#####.# #....#
# ##......# #># #....#
# #.##.#.###.###....# #
#....#.....o##....#
##..######..@##..## .#
#..# ##.....##
..####..## ###....##
.........# ####..#
##.#...#.## ##.##
#...#....## #..#
.##..##....###### ##.#
................# #.#
###...###.####### #.#


You could see an orc priest.

Vanquished Creatures
  2 orc wizards (D:3)
  An adder (D:2)
  2 worms
  3 giant geckos
  7 orcs
  A ball python (D:1)
  8 bats
  A giant cockroach (D:1)
  7 hobgoblins
  2 kobolds (D:1)
  3 quokkas (D:2)
  2 giant newts
  6 goblins
  13 rats
58 creatures vanquished.

Notes
Turn   | Place    | Note
--------------------------------------------------------------
     0 | D:1      | tp1 the Deep Elf Wizard began the quest for the Orb.
     0 | D:1      | Reached XP level 1. HP: 10/10 MP: 7/7
   170 | D:1      | Reached XP level 2. HP: 13/15 MP: 1/9
  1033 | D:1      | Reached XP level 3. HP: 19/19 MP: 8/10
  1403 | D:2      | Found a blossoming altar of Fedhas.
  1825 | D:2      | Found a radiant altar of Vehumet.
  1841 | D:2      | Became a worshipper of Vehumet
  2157 | D:2      | Found a blossoming altar of Fedhas.
  2391 | D:2      | Found a radiant altar of Vehumet.
  2953 | D:3      | Reached skill level 5 in Spellcasting
  2953 | D:3      | Reached XP level 4. HP: 21/24 MP: 0/13
  3174 | D:3      | Learned a level 3 spell: Conjure Flame
  3178 | D:3      | Learned a level 3 spell: Mephitic Cloud
  3181 | D:3      | Learned a level 2 spell: Blink
  3184 | D:3      | Learned a level 2 spell: Call Imp
  3187 | D:3      | Learned a level 2 spell: Repel Missiles
  3308 | D:3      | Reached skill level 6 in Spellcasting
  3803 | D:3      | Killed from afar by an orc priest

Vault maps used:
D:1:      dpeg_arrival_ratfight
D:2:      fiery_altar_vehumet, fedhas_altar_3
D:3:      old_standard_altar, grunt_decor_mini_mirrors

Action                   |  1- 3 |  4- 6 || total
-------------------------+-------+-------++-------
Melee: Short sword       |     2 |       ||     2
       Quarterstaff      |     1 |       ||     1
 Cast: Magic Dart        |   111 |    37 ||   148
       Conjure Flame     |       |     1 ||     1
  Use: Potion            |       |     2 ||     2
  Eat: Chunk             |     6 |     2 ||     8
